 Dungeon Crawl Stone Soup version 0.23-a0-175-g97aacdb (webtiles) character file.

1196 EvilAliv3 the Poker (level 8, -3/61 HPs)
             Began as a Formicid Warper on Sept 15, 2018.
             Slain by a bullfrog (6 damage)
             ... on level 6 of the Dungeon.
             The game lasted 00:53:36 (8696 turns).

EvilAliv3 the Poker (Formicid Warper)               Turns: 8696, Time: 00:53:36

Health: -3/61      AC:  8    Str: 17    XL:     8   Next: 72%
Magic:  11/11      EV: 10    Int: 14    God:
Gold:   315        SH:  0    Dex: 10    Spells: 10/11 levels left

rFire    . . .     SeeInvis +   a - +0 halberd
rCold    . . .     Gourm    +   (no shield)
rNeg     . . .     Faith    .   i - +0 scale mail
rPois    .         Spirit   .   (helmet unavailable)
rElec    .         Reflect  .   (no cloak)
rCorr    .         Harm     .   (no gloves)
MR       .....                  q - +0 pair of boots
Stlth    ..........             s - amulet of the gourmand
HPRegen  0.20/turn              (no ring)
MPRegen  0.12/turn              (no ring)

@: no status effects
A: permanent stasis, dig shafts and tunnels, four strong arms, antennae 3
a: Dig, Shaft Self


You were on level 6 of the Dungeon.
You were not hungry.

You visited 1 branch of the dungeon, and saw 6 of its levels.

You collected 427 gold pieces.
You spent 112 gold pieces at shops.

Inventory:

Hand Weapons
 a - a +0 halberd (weapon)
Missiles
 e - 5 tomahawks of dispersal
 g - 122 stones (quivered)
 p - 2 tomahawks of returning
Armour
 i - a +0 scale mail (worn)
 o - a +0 chain mail
 q - a +0 pair of boots (worn)
Jewellery
 s - an amulet of the gourmand (around neck)
Wands
 l - a wand of random effects (24)
 m - a wand of flame (37)
 r - a wand of polymorph (12)
Scrolls
 d - a scroll of fear {unknown}
 h - 2 scrolls of remove curse {unknown}
 j - a scroll of enchant armour {unknown}
 k - 2 scrolls of identify
 t - 2 scrolls of enchant weapon {unknown}
Potions
 b - a potion of berserk rage
 c - a potion of flight
 n - a potion of brilliance
 u - a potion of degeneration {unknown}
 x - 3 potions of curing
Comestibles
 f - 8 rations


   Skills:
 + Level 4.8 Fighting
 * Level 6.1 Polearms
 + Level 3.9 Throwing
 + Level 4.4 Armour
 - Level 1.7 Dodging
 - Level 2.1 Spellcasting
 + Level 4.3 Translocations


You had 10 spell levels left.
You knew the following spells:

 Your Spells              Type           Power        Failure   Level  Hunger
a - Apportation           Tloc           ##....       13%         1    #......

Your spell library contained the following spells:

 Spells                   Type           Power        Failure   Level  Hunger
 Gell's Gravitas          Tloc           ##........   36%         3    ###....
 Lesser Beckoning         Tloc           ##........   36%         3    ###....
 Teleport Other           Tloc           ##......     36%         3    ###....
 Shroud of Golubria       Chrm/Tloc      #.........   43%         2    ###....
 Animate Skeleton         Necr           N/A          58%         1    #......
 Confusing Touch          Hex            #.....       58%         1    #......
 Summon Small Mammal      Summ           #...         58%         1    #......
 Passage of Golubria      Tloc           N/A          77%         4    #####..
 Blink                    Tloc           Unusable     N/A         2    N/A

Dungeon Overview and Level Annotations

Branches:
Dungeon (6/15)
 Temple: D:4-7

Altars:
Ashenzari
Cheibriados
Dithmenos
Gozag
Kikubaaqudgha
Nemelex Xobeh
Okawaru
Sif Muna
Vehumet
Wu Jian

Shops:
D:4 !


Innate Abilities, Weirdness & Mutations

You cannot be hasted, slowed, berserked, paralysed or teleported.
You can dig through walls and to a lower floor.
Your four strong arms can wield two-handed weapons with a shield.
You have a pair of large antennae on your head. (SInv)


Message History

The orc wizard casts a spell at you. The magic dart hits you!
* * * LOW HITPOINT WARNING * * *
You puncture the orc!
You kill the orc!
The orc wizard casts a spell.
The orc wizard blinks!
There is an open door, spattered with blood here.
Items here: ) [ †† a short sword; a leather armour; a bullfrog corpse; a hound corpse The bullfrog closely misses you.
You puncture the bullfrog!
The bullfrog is moderately wounded.
The bullfrog hits you!
* * * LOW HITPOINT WARNING * * *
The bullfrog closely misses you.
You closely miss the bullfrog.
The bullfrog is moderately wounded.
The bullfrog hits you.
You die...

#.........#.........#.....#......
#...##....+.........'.....#......
... #....####..###+#.....#..##..
.. #.......#..#.........#..##.. .
#.......#..#.........#...#..
#.......#..#.........#...+..
#.......#..#.........#.. #..
#.......####F.......[#####..
#.....####>@..#####......#..
#.....# #....#...#......#..
#.....# #....+...'......'..
####.....####....#####^.....###
#..#.........##### #......#
#..#.........# ########
#..#.........# #..#.........#
#'##...<.....#


You could see a bullfrog.

Vanquished Creatures
  Sigmund (D:4)
  An orc warrior (D:6)
  2 centaurs (D:5)
  A bullfrog (D:6)
  2 howler monkeys
  2 hounds
  3 orc priests
  An orc wizard (D:6)
  A bullfrog skeleton (D:6)
  Jessica (D:2)
  Ijyb (D:3)
  An iguana (D:4)
  2 worker ants
  Robin (D:2)
  7 gnolls (D:2)
  A howler monkey skeleton (D:6)
  9 adders
  2 shadow imps (D:5)
  An ooze (D:2)
  A worm (D:2)
  A dart slug (D:4)
  A leopard gecko (D:3)
  15 orcs
  2 ball pythons
  7 bats
  2 giant cockroaches
  10 goblins
  15 hobgoblins
  15 jackals
  6 kobolds
  4 quokkas
  4 frilled lizards
  9 rats
132 creatures vanquished.

Notes
Turn   | Place    | Note
-------+----------+-------------------------------------------
     0 | D:1      | EvilAliv3 the Formicid Warper began the quest for the Orb.
     0 | D:1      | Reached XP level 1. HP: 16/16 MP: 3/3
   289 | D:1      | Reached XP level 2. HP: 15/23 MP: 5/5
  1313 | D:2      | Reached XP level 3. HP: 28/28 MP: 6/6
  1346 | D:2      | Found a deep blue altar of Sif Muna.
  1503 | D:2      | Noticed Robin
  1822 | D:2      | Reached XP level 4. HP: 17/34 MP: 7/7
  2006 | D:2      | Reached skill level 3 in Polearms
  2091 | D:2      | Found a shadowy altar of Dithmenos.
  2163 | D:2      | Found a snail-covered altar of Cheibriados.
  2234 | D:2      | Learned a level 1 spell: Apportation
  2932 | D:2      | Noticed Jessica
  3083 | D:3      | Reached XP level 5. HP: 38/41 MP: 8/8
  3163 | D:3      | Found a shadowy altar of Dithmenos.
  3163 | D:3      | Noticed Ijyb
  3208 | D:3      | Killed Ijyb
  4213 | D:2      | Killed Robin
  4362 | D:2      | Reached XP level 6. HP: 44/47 MP: 9/9
  4545 | D:2      | Killed Jessica
  4545 | D:2      | Reached skill level 4 in Polearms
  5228 | D:3      | Found an iron altar of Okawaru.
  5637 | D:3      | Found an opulent altar of Gozag.
  5638 | D:3      | Found a sparkling altar of Nemelex Xobeh.
  5880 | D:4      | Found a shattered altar of Ashenzari.
  5904 | D:4      | Reached XP level 7. HP: 52/52 MP: 10/10
  6143 | D:4      | Found Inuriroan's Distillery.
  6167 | D:4      | Bought a potion of heal wounds for 70 gold pieces
  6167 | D:4      | Bought a potion of curing for 42 gold pieces
  6332 | D:4      | Found a radiant altar of Vehumet.
  6332 | D:4      | Found an ornate altar of the Wu Jian Council.
  6432 | D:4      | Noticed Sigmund
  6462 | D:5      | Entered Level 5 of the Dungeon
  6474 | D:5      | Found an ancient bone altar of Kikubaaqudgha.
  6750 | D:5      | Got an ichor-stained leather armour
  7065 | D:5      | Reached skill level 5 in Polearms
  7222 | D:4      | Killed Sigmund
  7222 | D:4      | Reached XP level 8. HP: 25/60 MP: 11/11
  8112 | D:6      | Identified the cursed +1 leather armour of Shadows and Fog
                  | {Stlth+} (You found it on level 5 of the Dungeon)
  8460 | D:6      | Noticed a moth of wrath
  8662 | D:6      | HP: 3/61 [hound (4)]
  8676 | D:6      | Reached skill level 6 in Polearms
  8695 | D:6      | HP: 3/61 [bullfrog (7)]
  8696 | D:6      | Slain by a bullfrog

Vault maps used:
D:1:      minmay_arrival_split_and_join, minmay_pentomino_v2
D:2:      old_standard_altar, overflow_temple_1_default,
          nicolae_overflow_hidden_temple, st_stairs_5, uniq_jessica, uniq_robin
D:3:      cheibrodos_pilgrimage, lemuel_doored_altar,
          grunt_temple_overflow_opulence, first_ration, lemuel_tele_altar,
          uniq_ijyb
D:4:      evilmike_ruin_ashenzari, chequers_temple_overflow_statue_of_worship,
          serial_shops, shop_coins, hangedman_abyss_or_decor_stagger,
          hangedman_feature_mirror, uniq_sigmund
D:5:      lemuel_round_altar
D:6:      tgw_trog

Skill      XL: |  1  2  3  4  5  6  7  8 |
---------------+-------------------------+-----
Polearms       | 3 4 5 6 |  6.1
Armour         | 2 3 4 |  4.4
Fighting       | 3 4 |  4.8
Throwing       | 2 3 |  3.9
Translocations | 3 4 |  4.3
Dodging        | |  1.7
Spellcasting   | |  2.1

Action                   |  1- 3 |  4- 6 |  7- 9 || total
-------------------------+-------+-------+-------++-------
Melee: Spear             |   200 |   302 |       ||   502
       Halberd           |       |    63 |   161 ||   224
       Trident           |       |       |    26 ||    26
Throw: Stone             |    46 |    51 |    12 ||   109
  Use: Potion            |       |     3 |     2 ||     5
       Scroll            |       |       |     5 ||     5
 Stab: Sleeping          |     1 |       |       ||     1
  Eat: Chunk             |     3 |    10 |     9 ||    22
       Ration            |       |     1 |     1 ||     2
Armor: Leather armour    |    24 |       |       ||    24
       Scale mail        |    32 |   177 |    86 ||   295
Dodge: Dodged            |   100 |   194 |   123 ||   417

Table legend:
 A = Non-vault XP
 B = Vault XP
 C = Vault XP percentage of total XP
 D = Non-vault monster count
 E = Vault monster count
 F = Vault count percentage of total count
                 A         B        C        D         E       F
            +---------+---------+-------+---------+---------+-------
      Total |    1271 |     438 |  25.6 |     106 |      26 |  19.7
            +---------+---------+-------+---------+---------+-------
        D:1 |      26 |       1 |   3.7 |      16 |       1 |   5.9
        D:2 |     172 |      74 |  30.1 |      32 |      14 |  30.4
        D:3 |      81 |      97 |  54.5 |      21 |       9 |  30.0
        D:4 |     127 |     266 |  67.7 |       5 |       2 |  28.6
        D:5 |     276 |       0 |   0.0 |      12 |       0 |   0.0
        D:6 |     589 |       0 |   0.0 |      20 |       0 |   0.0
            +---------+---------+-------+---------+---------+-------
